[Event "GrandPrix_29.05"]
[Site "Chess.com"]
[Date "2020.05.29"]
[Round "2"]
[White "Tyoma88888"]
[Black "Guenplen"]
[Result "1-0"]
[WhiteElo "2214"]
[BlackElo "1513"]
[TimeControl "600+2"]
[EndTime "9:53:25 PDT"]
[Termination "Tyoma88888 won by resignation"]

1. e4 c5 2. Nc3 a6 3. g3 b5 4. Bg2 Bb7 5. d3 e6 6. Nh3 Be7 7. O-O h5 8. f4 b4 9. Ne2 Nh6 10. d4 d5 11. f5 exf5 12. exf5 Nd7 13. Nef4 Nf6 14. Nxh5 Nxh5 15. Qxh5 Qb6 16. Bg5 Bxg5 17.
Qxg5 Qf6 18. Rae1+ Kf8 19. dxc5 Rc8 20. Qf4 Qc6 21.
Qd6+ Kg8 22. Re7 Ng4 23. Qxc6 Bxc6 24. Rf4 Nf6 25. Rxb4 Rh5 26. g4 Rh4 27. Nf2 d4 28. Bxc6 Rxc6 29. g5 Rxc5 30. Rb8+ Kh7 31. gxf6 Rxf5 32.
Rxf7 Kg6 33. Rxg7+ Kxf6 34. Rf8+ Kxg7 35. Rxf5 Kg6 36. Ra5 Rh8 37. Rxa6+ Kf5 38. Rc6 Kf4 39. Re6 Kf3 40. Kf1 Rg8 41. Rf6+ Ke3 42. Re6+ Kf3 43.
Nd3 Rg1+ 44. Kxg1 Kg4 45. Ra6 1-0

[Event "GrandPrix_29.05"]
[Site "Chess.com"]
[Date "2020.05.29"]
[Round "2"]
[White "WhiteCapital80"]
[Black "StephenDedalus83"]
[Result "1-0"]
[WhiteElo "2045"]
[BlackElo "1878"]
[TimeControl "600+2"]
[EndTime "9:53:36 PDT"]
[Termination "WhiteCapital80 won by resignation"]

1. e4 c5 2. Nf3 Nc6 3. d4 cxd4 4.
Nxd4 Qc7 5. Nc3 e6 6. Be2 a6 7. O-O Nf6 8. a4 h5 9. h3 Bc5 10. Nb3 Ba7 11. Kh1 d6 12. Bf4 Ne5 13. Qd2 Bd7 14. Rad1 Bb8 15. Bg3 h4 16. Bh2 Bc6 17. f4 Ned7 18. Bf3 e5 19. fxe5 Nxe5 20. Nd4 g6 21. Nxc6 bxc6 22. Bxe5 dxe5 23. Be2 Nh5 24.
Bxh5 Rxh5 25. Rf3 Ba7 26. Rd3 Kf8 27. Rd7 Qb6 28. Qd6+ Kg8 29. Qf6 Rf8 30. Rd8 1-0

[Event "GrandPrix_29.05"]
[Site "Chess.com"]
[Date "2020.05.29"]
[Round "2"]
[White "Sergey_Krivenko"]
[Black "Zakaryan_David"]
[Result "0-1"]
[WhiteElo "2068"]
[BlackElo "1264"]
[TimeControl "600+2"]
[EndTime "9:53:41 PDT"]
[Termination "Zakaryan_David won by resignation"]

1. d4 Nf6 2. Nf3 g6 3. Bg5 Ne4 4. Bf4 Bg7 5. Nbd2 Nf6 6. c3 c5 7. dxc5 Na6 8. Nb3 b6 9. cxb6 axb6 10. Qc1 h6 11. g3 Bb7 12. Bg2 g5 13. Bd2 d6 14.
O-O Nc5 15. Nfd4 Bxg2 16. Kxg2 Qd7 17. Qc2 e6 18. f3 d5 19. Be3 O-O 20. h4 g4 21. Qd2 Kh7 22. Nc2 Qc7 23. Bf4 e5 24. Be3 Rad8 25. Nb4 Rg8 26. Nxc5 bxc5 27. Na6 Qc6 28.
Nxc5 d4 29. cxd4 exd4 30. Bxd4 gxf3+ 31. Rxf3 Nh5 32. e3 Bxd4 33. Qd3+ Kh8 34. exd4 Rxg3+ 35. Kf2 Rg2+ 36. Kf1 Rdg8 37. Qc3 Rg1+ 38. Kf2 R8g2+ 39.
Ke3 Qe8+ 40. Ne4 Rxa1 41. d5+ Kg8 42. d6 Rd1 43. Qb4 Rg6 44. d7 Rxd7 0-1

[Event "GrandPrix_29.05"]
[Site "Chess.com"]
[Date "2020.05.29"]
[Round "2"]
[White "monalize"]
[Black "GadimbayliA"]
[Result "0-1"]
[WhiteElo "2066"]
[BlackElo "2538"]
[TimeControl "600+2"]
[EndTime "9:53:49 PDT"]
[Termination "GadimbayliA won by resignation"]

1. e4 e5 2. Nf3 d5 3. exd5 e4 4. Qe2 Nf6 5. Nc3 Be7 6. Nxe4 O-O 7. Nxf6+ Bxf6 8. d4 Bg4 9. Be3 Qxd5 10. h3 Bxf3 11. Qxf3 Qa5+ 12. c3 Nc6 13. Qd1 Rad8 14. Qd2 Qd5 15.
b3 Rfe8 16. O-O-O b5 17. Be2 b4 18. Bf3 Qd6 19. cxb4 Nxd4 20. Bxd4 Bxd4 21. Kb1 g6 22. Rhe1 Rxe1 23. Rxe1 Kg7 24. Rc1 Qe5 25. Re1 Qf6 26. Rc1 Qb6 27. Rc6 Qb5 28. Rc4 Bf6 29.
Qc2 Qe5 0-1

[Event "GrandPrix_29.05"]
[Site "Chess.com"]
[Date "2020.05.29"]
[Round "2"]
[White "Gordima"]
[Black "AnotherGrumpy"]
[Result "1-0"]
[WhiteElo "2199"]
[BlackElo "1756"]
[TimeControl "600+2"]
[EndTime "9:53:56 PDT"]
[Termination "Gordima won by resignation"]

1. d4 d5 2. c4 c6 3. Nf3 Nf6 4. e3 Bg4 5. h3 Bxf3 6. Qxf3 e6 7. Bd3 Nbd7 8. O-O Bb4 9. Nc3 O-O 10. a3 Ba5 11. Qd1 Re8 12. Bd2 Rc8 13. Rc1 Bc7 14. Qb3 Nf8 15. Qxb7 Qd6 16. f4 Rb8 17. Qxa7 Rxb2 18.
Rfd1 dxc4 19. Bxc4 Bb6 20. Qa6 Bc7 21. Na4 Rxd2 22.
Rxd2 Qxa3 23. Re1 Rb8 24. Qxc6 Ba5 25. Rd3 Qb4 26. Red1 Qe7 27. Rb3 Rd8 28. Qc5 Qxc5 29. Nxc5 Bc7 30. g3 h5 31. Kg2 g6 32. Kf3 Kg7 33. Rb7 Rc8 34. Ra1 Kg8 35. Raa7 1-0

[Event "GrandPrix_29.05"]
[Site "Chess.com"]
[Date "2020.05.29"]
[Round "2"]
[White "Bulldog167"]
[Black "PotapovaM"]
[Result "1-0"]
[WhiteElo "2550"]
[BlackElo "2185"]
[TimeControl "600+2"]
[EndTime "9:54:03 PDT"]
[Termination "Bulldog167 won by resignation"]

1. c4 Nf6 2. Nc3 e6 3. Nf3 d5 4. d4 a6 5. cxd5 exd5 6. Bg5 Be6 7. Bxf6 Qxf6 8. Qb3 Ra7 9. g3 Nd7 10. Nxd5 Qd8 11. Qe3 Bd6 12. Bh3 O-O 13. Bxe6 fxe6 14. Qxe6+ Kh8 15. O-O Ra8 16. Rac1 Re8 17. Qf5 Rf8 18.
Qd3 c6 19. Nc3 Qf6 20. Ne4 Qe7 21. Nxd6 Qxd6 22. Ng5 g6 23. f4 Rae8 24. e4 h6 25. Nf3 Kh7 26. e5 Qe6 27. Qb3 Qxb3 28. axb3 Nb6 29.
Nd2 Nd5 30. Ne4 Re7 31. Rfe1 Kg7 32. Rcd1 Rd8 33. Nc3 Nb4 34. Rd2 h5 35. Kf2 Red7 36.
Red1 Kf7 37. Kf3 Ke6 38. Ke4 b6 39. h3 Rf8 40. d5+ cxd5+ 41. Nxd5 Nc6 42. Nxb6 Rxd2 43. Rxd2 Na5 44. Rd6+ Ke7 45. b4 Nb3 46. Nd5+ Ke8 47. Rxa6 Nd2+ 48. Kd3 Nf1 49. Ra8+ Kf7 50. e6+ 1-0

[Event "GrandPrix_29.05"]
[Site "Chess.com"]
[Date "2020.05.29"]
[Round "2"]
[White "Misterlose0"]
[Black "Nikithebest"]
[Result "1-0"]
[WhiteElo "1486"]
[BlackElo "2153"]
[TimeControl "600+2"]
[EndTime "9:54:03 PDT"]
[Termination "Misterlose0 won by resignation"]

1. e4 c5 2. d3 d5 3. exd5 Nf6 4. c4 e6 5. dxe6 Bxe6 6. Nf3 Nc6 7. Be2 Bd6 8. Nc3 a6 9. O-O Qc7 10. Bg5 Ng4 11.
h3 h6 12. Bd2 Nf6 13. Be3 O-O-O 14. Na4 Nd7 15. d4 cxd4 16. Bxd4 Nxd4 17. Nxd4 Nc5 18. Nxc5 Bxc5 19. Nxe6 Rxd1 20. Nxc7 Rxa1 21. Rxa1 Kxc7 22. Bf3 Rd8 23. Bd5 b5 24. b3 bxc4 25. bxc4 Rb8 26. Bxf7 Rb2 27. Kh1 Rxf2 28. Bd5 a5 29. a4 Bd6 30. Rb1 Bg3 31. c5 Rc2 32. c6 Kd6 33. Bf3 Ra2 34. Rd1+ Ke6 35. Bd5+ 1-0

[Event "GrandPrix_29.05"]
[Site "Chess.com"]
[Date "2020.05.29"]
[Round "2"]
[White "MilosJi"]
[Black "Luq27"]
[Result "1/2-1/2"]
[WhiteElo "2431"]
[BlackElo "2238"]
[TimeControl "600+2"]
[EndTime "9:54:07 PDT"]
[Termination "Game drawn - insufficient material"]

1. Nf3 Nf6 2. c4 b6 3. g3 e6 4. Bg2 Bb7 5. O-O c5 6. Nc3 Be7 7. d4 cxd4 8. Qxd4 Nc6 9. Qf4 O-O 10. Rd1 Qb8 11. b3 Qxf4 12. Bxf4 Rac8 13. Rac1 Rfd8 14. Ne5 Na5 15. Nb5 Bxg2 16. Kxg2 Nb7 17. Bg5 d6 18. Nd3 a6 19. Nd4 h6 20. Be3 Nc5 21. Nb4 Rd7 22. Nf3 a5 23. Nd3 Rb7 24. Nd4 d5 25. Nb5 dxc4 26. Nxc5 bxc5 27. bxc4 Rd7 28.
f3 Kf8 29. Kf2 Ke8 30. Rb1 Rxd1 31. Rxd1 Nd7 32. Bd2 a4 33. Ba5 Ne5 34. Rc1 Nc6 35. Bc3 f6 36. Rd1 Rd8 37. Rxd8+ Kxd8 38. Ke3 Kd7 39. a3 Bd8 40. Kd3 Bb6 41. f4 Bc7 42. e3 Bd6 43. Bd2 Bc7 44. Nc3 Ba5 45. Nxa4 Bxd2 46.
Kxd2 Kd6 47. Nc3 Na5 48. Kd3 Kc6 49. g4 Nb7 50. h4 f5 51. gxf5 exf5 52. h5 Nd6 53. Nd5 Kd7 54. a4 Ne4 55. a5 Ng3 56. Nb6+ Kc6 57. Na4 Nxh5 58. a6 Nf6 59. Nxc5 Kb6 60.
Ne6 g6 61. Kd4 Kxa6 62. Nf8 g5 63. fxg5 hxg5 64. Ke5 Ng4+ 65. Kxf5 Nxe3+ 66. Kxg5 Nxc4 1/2-1/2

[Event "GrandPrix_29.05"]
[Site "Chess.com"]
[Date "2020.05.29"]
[Round "2"]
[White "wannabe2700"]
[Black "EvgenyRomanov"]
[Result "1-0"]
[WhiteElo "2138"]
[BlackElo "2089"]
[TimeControl "600+2"]
[EndTime "9:54:17 PDT"]
[Termination "wannabe2700 won by resignation"]

1. e4 c5 2. d4 cxd4 3. Nf3 Nc6 4. Nxd4 Nf6 5. Nc3 d6 6. Bg5 e6 7. Qd2 a6 8. O-O-O Bd7 9. f4 Be7 10. Qe1 Nxd4 11. Rxd4 Qa5 12. e5 dxe5 13. fxe5 Bc6 14. Bc4 Nd5 15. Bxe7 Nxe7 16. Qe2 O-O 17. Bd3 Ng6 18.
Re1 Rfd8 19. Rg4 b5 20. a3 Rac8 21. h4 Bb7 22. h5 Nf8 23. Qd2 Rxc3 24. Qxc3 Qxc3 25.
bxc3 Rc8 26. c4 Nd7 27. cxb5 Nc5 28. Bf1 axb5 29. Bxb5 Bd5 30. h6 g6 31. a4 Kf8 32.
Kb2 Ke7 33. g3 Rb8 34. Ka3 Rc8 35. Kb4 Nb7 36. c4 Bg2 37. a5 Nc5 38. Rd4 Rc7 39. a6 g5 40. Red1 Bf3 41. Rd8 Nxa6+ 42. Bxa6 Bxd1 43.
Rxd1 f6 44. exf6+ Kxf6 45. c5 1-0

[Event "GrandPrix_29.05"]
[Site "Chess.com"]
[Date "2020.05.29"]
[Round "2"]
[White "Todorovic1991"]
[Black "Novoselski"]
[Result "1/2-1/2"]
[WhiteElo "1756"]
[BlackElo "2351"]
[TimeControl "600+2"]
[EndTime "9:54:18 PDT"]
[Termination "Game drawn by repetition"]

1. Nf3 g6 2. c4 Bg7 3. Nc3 c5 4. g3 Nc6 5. Bg2 e6 6. O-O Nge7 7. e3 O-O 8. d4 cxd4 9. Nxd4 a6 10. Nde2 Qc7 11. e4 d6 12. Be3 Rb8 13. Rc1 Bd7 14.
b3 Rfd8 15. Nd5 exd5 16. cxd5 Bg4 17. dxc6 bxc6 18. h3 Bd7 19. Qd2 Be8 20. Rfd1 Be5 21. f4 Bg7 22. Kh2 Qb7 23. Bd4 d5 24. Bxg7 Kxg7 25.
e5 Qb4 26. Nd4 Qxd2 27. Rxd2 h5 28. Rc5 Rb6 29. g4 hxg4 30. hxg4 Bd7 31. Kg3 Ra8 32. Bf1 a5 33. a3 Rbb8 34. Bd3 f6 35. e6 Be8 36. f5 Rb6 37. Kf4 g5+ 38. Ke3 Ng8 39. Kf3 Ra7 40. Rdc2 Ne7 41. Rh2 Ng8 42. Ke3 Ne7 43.
Rc1 Ng8 44. Rc5 Ne7 45. Be2 Ng8 46. Rc1 Re7 47. Rc3 Kf8 48. Kd2 Rg7 49. Rh8 Rc7 50.
Rc5 Kg7 51. Rh3 Ra7 52. Rhc3 Ne7 53. Kc2 Kf8 54. Nf3 Nc8 55. Nd4 Ne7 56. Rh3 Kg7 57. Kb2 Ng8 58. Rc1 Kf8 59. Rc5 Kg7 60. Kc2 Kf8 61.
Bf3 Kg7 62. Be2 Kf8 63. Bd3 Kg7 64. Be2 1/2-1/2

[Event "GrandPrix_29.05"]
[Site "Chess.com"]
[Date "2020.05.29"]
[Round "2"]
[White "fujiwara_hoga"]
[Black "RovenVogel"]
[Result "0-1"]
[WhiteElo "2148"]
[BlackElo "2231"]
[TimeControl "600+2"]
[EndTime "9:54:22 PDT"]
[Termination "RovenVogel won by resignation"]

1. d4 Nf6 2. c4 e6 3. Nc3 Bb4 4. e3 O-O 5. Bd3 d5 6. a3 Bxc3+ 7. bxc3 dxc4 8. Bxc4 c5 9. Nf3 Qc7 10. Ba2 b6 11. O-O Bb7 12. Ne5 Nbd7 13. Nxd7 Qxd7 14. f3 Rfd8 15. Bb2 cxd4 16. cxd4 Bd5 17. Bb1 Bc4 18.
Rf2 Qb5 19. e4 Qg5 20. Qd2 Qxd2 21. Rxd2 Rac8 22. Bc2 Ne8 23. Rad1 Ba6 24. Bb3 Nd6 25. d5 Bc4 26. Ba4 exd5 27. exd5 b5 28. Bc2 f6 29. Kf2 Bxd5 30. Bxh7+ Kxh7 31. Rxd5 Rc2+ 32. Kg3 Nf5+ 33. Kh3 Rxd5 34. Rxd5 Ne3 35. Rxb5 Nxg2 36. Rb7 Kg6 37. Kg3 Ne3 38. Rb3 Nf1+ 39. Kf4 Rc4+ 0-1

[Event "GrandPrix_29.05"]
[Site "Chess.com"]
[Date "2020.05.29"]
[Round "2"]
[White "Bacyanide"]
[Black "Mesropov_Konstantin"]
[Result "1-0"]
[WhiteElo "2345"]
[BlackElo "1888"]
[TimeControl "600+2"]
[EndTime "9:54:26 PDT"]
[Termination "Bacyanide won by resignation"]

1. d4 e6 2. Nf3 d5 3. Bf4 c6 4. e3 Bd6 5. Nbd2 f5 6. c4 Nf6 7. Bd3 O-O 8. Qc2 Ne4 9. O-O Qe7 10. c5 Bc7 11. b4 g5 12. Bxc7 Qxc7 13. Bxe4 fxe4 14.
Nxg5 h6 15. Ngxe4 dxe4 16. Qxe4 Qh7 17. Qh4 Nd7 18. Ne4 Qg6 19. Nd6 Qg5 20. Qh3 Nf6 21. f4 Qh5 22. Qxh5 Nxh5 23. g4 Nf6 24. h3 Nd5 25.
Rf3 Nxb4 26. h4 b6 27. g5 bxc5 28. dxc5 hxg5 29. hxg5 Ba6 30. Kg2 Kg7 31. e4 Nd3 32. f5 e5 33. Kg3 Rh8 34. Rd1 Nf4 35. Rxf4 exf4+ 36. Kxf4 Rh4+ 37. Ke5 Be2 38. Rg1 Bf3 39. g6 Rxe4+ 40. Nxe4 Re8+ 41. Kf4 Bxe4 42. Re1 Bxf5 43. Rxe8 1-0

[Event "GrandPrix_29.05"]
[Site "Chess.com"]
[Date "2020.05.29"]
[Round "2"]
[White "Dolphin_2010"]
[Black "kosmeg"]
[Result "1-0"]
[WhiteElo "2072"]
[BlackElo "2110"]
[TimeControl "600+2"]
[EndTime "9:54:27 PDT"]
[Termination "Dolphin_2010 won by resignation"]

1. e4 e5 2. Nf3 Nc6 3. d4 exd4 4. Bc4 Nf6 5. e5 d5 6. Bb5 Ne4 7. Nxd4 Bc5 8. Be3 Bd7 9. Bxc6 bxc6 10. O-O O-O 11. f3 Ng5 12. f4 Ne4 13. Nd2 Nxd2 14. Qxd2 Bb6 15. Nb3 f6 16. Nc5 Bf5 17. Qc3 Qe7 18.
Rae1 fxe5 19. fxe5 Rae8 20. Bd4 Bc8 21. Rxf8+ Rxf8 22. b4 Qg5 23. a4 a6 24. a5 Ba7 25. e6 Re8 26. Qf3 Qg6 27. Rf1 h6 28. Qf7+ Kh7 29.
Qxg6+ Kxg6 30. Rf7 Bxc5 31. Rxg7+ Kf5 32. bxc5 Bxe6 33.
Rxc7 Ke4 34. c3 Rf8 35. Re7 Kf5 36. g4+ Kxg4 37. Rxe6 Rb8 38. Rxc6 Kf3 39. Rf6+ Kg4 40. Rxa6 h5 41. Rf6 h4 42. Kf2 Kh3 43. Ke3 Kxh2 44. Be5+ Kh1 45. Bxb8 h3 46. Kf2 h2 47. Bxh2 1-0

[Event "GrandPrix_29.05"]
[Site "Chess.com"]
[Date "2020.05.29"]
[Round "2"]
[White "ZEN-22"]
[Black "Alexander_Donchenko"]
[Result "0-1"]
[WhiteElo "2246"]
[BlackElo "2692"]
[TimeControl "600+2"]
[EndTime "9:54:29 PDT"]
[Termination "Alexander_Donchenko won by checkmate"]

1. e4 c6 2. d3 d5 3. Nd2 e5 4. Ngf3 Bd6 5. g3 Nf6 6. Bg2 O-O 7. O-O Re8 8. Re1 a5 9. d4 dxe4 10. Nxe5 Bxe5 11. dxe5 Bg4 12. f3 exf3 13. Bxf3 Bxf3 14. Nxf3 Nd5 15. c4 Nc7 16. Qc2 Ne6 17. h4 Nd7 18. Bg5 Qc7 19. Rad1 a4 20. Kg2 h6 21. Bd2 Ndc5 22. Bc3 Rad8 23. b4 axb3 24. axb3 Rxd1 25. Rxd1 Rd8 26. Bb4 Rxd1 27. Qxd1 Qb6 28. Bxc5 Qxc5 29. Qd7 Qe3 30. Qd1 c5 31. h5 Qe4 32. Qd5 Qc2+ 33.
Kh3 Qxb3 34. Qe4 Kf8 35. Kg4 Qb4 36. Qd5 Kg8 37. Kh4 b5 38. Nd2 bxc4 39. Nxc4 Qb1 40. Ne3 Ng5 41. Qc6 Kh7 42. Kg4 Qb4+ 43. Kf5 Qd4 44.
Ng4 Qd3+ 45. Kf4 Nh3# 0-1

[Event "GrandPrix_29.05"]
[Site "Chess.com"]
[Date "2020.05.29"]
[Round "2"]
[White "eristeski7"]
[Black "SantoBlue"]
[Result "0-1"]
[WhiteElo "2097"]
[BlackElo "2417"]
[TimeControl "600+2"]
[EndTime "9:54:29 PDT"]
[Termination "SantoBlue won by resignation"]

1. e4 d6 2. d4 Nf6 3. Nc3 e5 4. Nge2 Nbd7 5. g3 Be7 6. Bg2 c6 7. a4 O-O 8. O-O Re8 9. h3 h5 10. f4 exd4 11. Nxd4 Bf8 12. Re1 Nc5 13. b4 Ne6 14. b5 Qa5 15. Nxe6 Bxe6 16. Bd2 Qc7 17. f5 Bc4 18. Bf4 cxb5 19. axb5 Nd7 20. Qxh5 Qc5+ 21. Kh2 Bxb5 22. Nxb5 Qxb5 23. g4 Rac8 24. Rac1 Ne5 25. g5 g6 26. Qd1 Rc3 27. Bd2 Ra3 28. Be3 d5 29. Qxd5 Qxd5 30. exd5 Bd6 31. Kh1 Nf3 32. Bxf3 Raxe3 33. Rxe3 Rxe3 34. Kg2 gxf5 35. c4 b6 36. Rc2 Kg7 37. h4 a5 38. Kf2 Bc5 39. Kg2 a4 40. Rd2 Bd6 41. h5 a3 42. Rc2 f4 43. Kf2 Bc5 44.
Kg2 Re5 45. h6+ Kg6 46. Rd2 Rxg5+ 47. Kh2 Bg1+ 48. Kh1 Be3 49. d6 Bxd2 50. d7 a2 51.
d8=Q a1=Q+ 52. Bd1 Qxd1+ 0-1

[Event "GrandPrix_29.05"]
[Site "Chess.com"]
[Date "2020.05.29"]
[Round "2"]
[White "etserga"]
[Black "Elshadchess"]
[Result "1-0"]
[WhiteElo "2124"]
[BlackElo "1187"]
[TimeControl "600+2"]
[EndTime "9:54:35 PDT"]
[Termination "etserga won by resignation"]

1. Nf3 d5 2. e3 Nc6 3. d4 Bg4 4. Bb5 e6 5. Nbd2 Ne7 6. h3 Bh5 7. O-O a6 8. Be2 Bg6 9. Nh4 Nf5 10. Nxg6 hxg6 11. c3 Bd6 12. e4 Nh4 13. f4 dxe4 14. Nxe4 Ne7 15. Qe1 Nd5 16. Bd1 Be7 17. Bb3 Qd7 18.
Bd2 b6 19. Rd1 a5 20. a4 b5 21. Ra1 Rb8 22. axb5 Kf8 23. Rxa5 Rh5 24. Ng3 Rh8 25. c4 Nb6 26. Bc3 Bf6 27. Qe4 Nf5 28. Nxf5 gxf5 29. Qe3 Rd8 30. Rd1 Rh4 31. Raa1 c6 32.
d5 Nxc4 33. Bxc4 cxd5 34. Bxf6 gxf6 35. Bf1 Rh6 36. Ra7 Qc8 37. Qa3+ Kg8 38. Qe7 Rf8 39. Rd3 Rg6 40. Qc7 Qe8 41. Rb3 e5 42. b6 exf4 43.
b7 f3 44. Rxf3 Qe4 45. b8=Q Rg7 1-0

[Event "GrandPrix_29.05"]
[Site "Chess.com"]
[Date "2020.05.29"]
[Round "2"]
[White "OK97"]
[Black "Korchmar_Vasiliy"]
[Result "1-0"]
[WhiteElo "2541"]
[BlackElo "2046"]
[TimeControl "600+2"]
[EndTime "9:54:40 PDT"]
[Termination "OK97 won by resignation"]

1. e4 c5 2. Nf3 d6 3. d4 cxd4 4. Nxd4 Nf6 5. Nc3 Nc6 6. Bg5 e6 7. Bb5 Bd7 8. Qd3 Be7 9. O-O-O O-O 10. Bxc6 bxc6 11. Nb3 d5 12. e5 Ne8 13. Bxe7 Qxe7 14. Qd4 f6 15. Rhe1 fxe5 16. Rxe5 Nd6 17. Qc5 Rab8 18.
Rde1 Rf4 19. Qxa7 Rb7 20. Qe3 Rfb4 21. Qc5 Rc4 22. Qa3 c5 23. Nxc5 Rb8 24. Nxd5 Qf7 25. Nxd7 Qxd7 26. Rxe6 Nb5 27. Nf6+ gxf6 28. Qg3+ Kf7 29.
Re7+ Qxe7 30. Rxe7+ Kxe7 31. Qxb8 1-0

[Event "GrandPrix_29.05"]
[Site "Chess.com"]
[Date "2020.05.29"]
[Round "2"]
[White "MasterSonnevanck2"]
[Black "Poghosyan_Suren"]
[Result "1-0"]
[WhiteElo "2042"]
[BlackElo "2143"]
[TimeControl "600+2"]
[EndTime "9:54:40 PDT"]
[Termination "MasterSonnevanck2 won by resignation"]

1. d4 Nf6 2. c4 c5 3. d5 b5 4. Qc2 bxc4 5. e4 g6 6. Bxc4 d6 7. Nc3 Bg7 8. Nf3 O-O 9. O-O Nbd7 10. h3 Nb6 11. Be2 e6 12. dxe6 Bxe6 13. Be3 Nc4 14.
Bf4 Nh5 15. Bh2 Qf6 16. e5 Nxe5 17. Nxe5 dxe5 18. Ne4 Qh4 19. Bxh5 gxh5 20. Bg3 Qe7 21. Qxc5 Qb7 22. Qe3 Qxb2 23. Qg5 f5 24. Nc5 h6 25. Qxh5 Bf7 26. Qxf5 Bc4 27. Qg6 Rf6 28. Qg4 Be2 29. Qe4 Rc8 30. Bxe5 Re8 31. Bxb2 1-0

[Event "GrandPrix_29.05"]
[Site "Chess.com"]
[Date "2020.05.29"]
[Round "2"]
[White "Tesla37"]
[Black "Arseniy_Nesterov"]
[Result "1-0"]
[WhiteElo "2732"]
[BlackElo "2301"]
[TimeControl "600+2"]
[EndTime "9:54:43 PDT"]
[Termination "Tesla37 won by resignation"]

1. e4 e5 2. Nf3 Nc6 3. Bb5 Nf6 4. d3 Bc5 5. c3 O-O 6. O-O d6 7. Nbd2 Bb6 8. a4 a6 9. Bc4 Re8 10. h3 Be6 11. Re1 h6 12. b4 d5 13. exd5 Nxd5 14. Ne4 f5 15. Ng3 Qf6 16. Bd2 Qg6 17. d4 f4 18. Nf1 e4 19. Nh4 Qh7 20. Bxd5 Bxd5 21. Bxf4 g5 22. Ne3 Bf7 23. Ng4 Kh8 24. Nf6 Qg7 25.
Nxe8 Rxe8 26. Bg3 gxh4 27. Bxh4 Qg6 28. Bg3 Ne7 29. a5 Ba7 30. Bxc7 Rg8 31. Bg3 Nf5 32. Rxe4 Nxg3 33. Rg4 Qf6 34. fxg3 Rc8 35. Qd2 Bd5 36. Rf1 Qe6 37. Rgf4 Rg8 38. Rf6 1-0

[Event "GrandPrix_29.05"]
[Site "Chess.com"]
[Date "2020.05.29"]
[Round "2"]
[White "SipkeErnst"]
[Black "Natalya_Buksa"]
[Result "1-0"]
[WhiteElo "2030"]
[BlackElo "2139"]
[TimeControl "600+2"]
[EndTime "9:54:45 PDT"]
[Termination "SipkeErnst won by resignation"]

1. d4 d5 2. c4 e6 3. Nf3 Nf6 4. g3 Bb4+ 5. Bd2 Be7 6. Bg2 O-O 7. O-O Nbd7 8. Qc2 c6 9. b3 a5 10. Nc3 h6 11. Rad1 b6 12. e4 dxe4 13. Nxe4 Bb7 14. Ne5 Rc8 15. Bf4 Ba8 16. Rfe1 Nxe4 17. Bxe4 Bb4 18.
Bd2 Qe7 19. Nd3 Bxd2 20. Qxd2 Rfd8 21. Bg2 Qf6 22. Qe3 Qg5 23. f4 Qf6 24. c5 Bb7 25. a3 bxc5 26. dxc5 Ba6 27. Ne5 Nxe5 28. fxe5 Qe7 29.
Rd6 Qb7 30. Bxc6 Qa7 31. Rxd8+ Rxd8 32. Be4 Rc8 33. c6 Qb8 34. Rc1 g6 35. Rc5 Qb6 36. Kf2 Bb5 37. Rc3 Qd8 38. a4 Ba6 39. Bf3 Rc7 40.
Rc2 h5 41. Rd2 Qb8 42. Rd7 Rc8 43.
Qa7 Qxe5 44. Qxa6 Qc5+ 45. Kg2 Qc2+ 46. Kf1 Rb8 47. c7 Qc1+ 48. Kg2 Qc2+ 49. Qe2 1-0

[Event "GrandPrix_29.05"]
[Site "Chess.com"]
[Date "2020.05.29"]
[Round "2"]
[White "Yuri202062"]
[Black "klippfiskkjerringa"]
[Result "1/2-1/2"]
[WhiteElo "2281"]
[BlackElo "2185"]
[TimeControl "600+2"]
[EndTime "9:54:47 PDT"]
[Termination "Game drawn by agreement"]

1. d4 Nf6 2. c4 c5 3. d5 b5 4.
cxb5 a6 5. bxa6 g6 6. Nc3 Bg7 7. e4 O-O 8. a7 Rxa7 9. Nf3 e6 10.
Be2 exd5 11. exd5 d6 12. O-O Na6 13. Nb5 Rd7 14. Bc4 Bb7 15. Qb3 Qa8 16. Bf4 Rfd8 17. Rad1 Nb4 18. Nc3 Rb8 19. a3 Ba6 20. Bxa6 Qxa6 21.
Rd2 c4 22. Qd1 Nd3 23. Be3 Nxb2 24. Qa1 Nd3 25. Bd4 Re7 26. a4 Nc5 27. Bxc5 Ne4 28.
Bd4 Nxd2 29. Bxg7 Nxf3+ 30. gxf3 Kxg7 31. Ne4+ Kh6 32. Qc1+ Kg7 33. Qc3+ Kh6 34. Qe3+ Kg7 35.
Qd4+ Kh6 1/2-1/2

[Event "GrandPrix_29.05"]
[Site "Chess.com"]
[Date "2020.05.29"]
[Round "2"]
[White "Mizner"]
[Black "AbasovN"]
[Result "0-1"]
[WhiteElo "2170"]
[BlackElo "2609"]
[TimeControl "600+2"]
[EndTime "9:54:49 PDT"]
[Termination "AbasovN won on time"]

1. d4 Nf6 2. c4 e6 3. Nc3 Bb4 4. Qc2 d5 5. cxd5 exd5 6. Bg5 O-O 7. e3 h6 8. Bh4 Re8 9. Bd3 c5 10.
Ne2 Nc6 11. O-O cxd4 12. Nxd4 Nxd4 13. exd4 Be6 14. Bb5 Rf8 15. Qb3 Ba5 16. Be2 Bb6 17. Rad1 Rc8 18. Bf3 Rc4 19. Bxf6 Qxf6 20. Nxd5 Bxd5 21.
Bxd5 Rxd4 22. Rxd4 Qxd4 23. Bxb7 Re8 24. Qf3 Qxb2 25. Bd5 Re7 26. g3 g6 27. h4 h5 28. Kg2 Kg7 29. Bb3 Bd4 30. Rd1 Bxf2 31. Rf1 Bd4+ 32. Kh3 f5 33. Qa8 Qe2 34. Qf3 Qb5 35. Rd1 Re3 36. Qa8 Qc5 37. Qb7+ Kh6 38. Bg8 Bg7 39. Rd7 f4 0-1

[Event "GrandPrix_29.05"]
[Site "Chess.com"]
[Date "2020.05.29"]
[Round "2"]
[White "RogerFederer13"]
[Black "N4700000"]
[Result "0-1"]
[WhiteElo "2078"]
[BlackElo "2545"]
[TimeControl "600+2"]
[EndTime "9:54:49 PDT"]
[Termination "N4700000 won on time"]

1. e4 c5 2. Nf3 e6 3. d4 cxd4 4. Nxd4 Nf6 5. Nc3 Nc6 6. Nxc6 bxc6 7. e5 Nd5 8. Ne4 Qc7 9. f4 Qb6 10. c4 Bb4+ 11. Ke2 O-O 12. cxd5 cxd5 13. Be3 Qb8 14. Ng5 f6 15. exf6 gxf6 16. Nf3 Bd6 17. Qb3 Bb7 18.
Kd1 a5 19. Bb5 Rf7 20. Rf1 Bxf4 21. Bxf4 Qxf4 22. Qa4 Qd6 23. Rc1 e5 24. Nh4 Kh8 25. Nf5 Qb6 26. Rc2 Ba6 27. Bxa6 Qxa6 28. Rff2 Qd3+ 29. Kc1 d4 30. Qc4 Qxc4 31. Rxc4 d5 32.
Rc6 Rd8 33. Nh6 Rff8 0-1

[Event "GrandPrix_29.05"]
[Site "Chess.com"]
[Date "2020.05.29"]
[Round "2"]
[White "ZverevLev"]
[Black "HElissalt"]
[Result "1-0"]
[WhiteElo "2188"]
[BlackElo "1859"]
[TimeControl "600+2"]
[EndTime "9:54:52 PDT"]
[Termination "ZverevLev won by resignation"]

1. e4 d6 2. d4 Nf6 3. Nc3 e5 4. Nf3 Nbd7 5. Bc4 Be7 6. Bxf7+ Kxf7 7. Ng5+ Kg8 8. Ne6 Qe8 9. Nxc7 Qd8 10. Nxa8 b5 11.
dxe5 Nxe5 12. Nd5 Ne8 13. Nxe7+ Qxe7 14. Qd5+ Nf7 15. O-O Bb7 16. Qxb5 Bxa8 17. Bf4 h6 18. f3 Kh7 19. Rad1 Rf8 20. Rfe1 Kh8 21. Kh1 g5 22.
Bg3 h5 23. e5 d5 24. Qd3 Qe6 25. Qd4 Ng7 26. Qxa7 Nf5 27. Bf2 g4 28. fxg4 hxg4 29. Bc5 Rg8 30. Qb6 Bc6 31. Qb4 g3 32. Qf4 d4 33. h3 N7h6 34. Kg1 Rg7 35. Bxd4 Nxd4 36. Rxd4 Rf7 37. Qg5 Rf2 38. Rd2 Nf7 39. Qh4+ Kg8 40. Qxg3+ 1-0

[Event "GrandPrix_29.05"]
[Site "Chess.com"]
[Date "2020.05.29"]
[Round "2"]
[White "NikolaN98"]
[Black "Ave_Mariia"]
[Result "1-0"]
[WhiteElo "2126"]
[BlackElo "2175"]
[TimeControl "600+2"]
[EndTime "9:54:53 PDT"]
[Termination "NikolaN98 won by resignation"]

1. e4 c5 2. Nc3 d6 3. f4 Nc6 4. Nf3 g6 5. Bb5 Bg7 6. Bxc6+ bxc6 7. O-O Nf6 8. d3 O-O 9. Qe1 Rb8 10. Qh4 Bg4 11.
Nd2 Bd7 12. h3 d5 13. Nf3 e6 14. e5 Ne8 15. Qxd8 Rxd8 16. Na4 c4 17. d4 Nc7 18.
Nc5 Rfe8 19. Bd2 Bf8 20. Ba5 Bxc5 21. Bxc7 Rc8 22. dxc5 Rxc7 23. b4 Kg7 24. c3 f6 25.
a4 Rcc8 26. Nd4 a5 27. bxa5 Ra8 28. Rfb1 Reb8 29. a6 fxe5 30. fxe5 Kg8 31. Rb7 Bc8 32. Rxb8 Rxb8 33. a7 Ra8 34. Rb1 Rxa7 35. Rb8 1-0

[Event "GrandPrix_29.05"]
[Site "Chess.com"]
[Date "2020.05.29"]
[Round "2"]
[White "Gurvich_Vitaly"]
[Black "Bosiocic"]
[Result "0-1"]
[WhiteElo "2273"]
[BlackElo "2702"]
[TimeControl "600+2"]
[EndTime "9:54:56 PDT"]
[Termination "Bosiocic won by resignation"]

1. e4 d6 2. d4 Nf6 3. Nc3 e5 4.
dxe5 dxe5 5. Qxd8+ Kxd8 6. Bg5 Be6 7. g3 h6 8. O-O-O+ Kc8 9. Bxf6 gxf6 10. Nd5 Nd7 11.
f4 h5 12. Nf3 c6 13. f5 Bxf5 14. Nxf6 Nxf6 15. exf5 Ng4 16. Re1 e4 17. h3 exf3 18.
hxg4 Bh6+ 19. Kd1 Kc7 20. Rxh5 Rag8 21. Bd3 Bg7 22. Rf1 Bxb2 23. Rxf3 Rxg4 24. Rxh8 Bxh8 25. Ke2 Be5 26. Kf2 f6 27. Re3 Ra4 28. Re4 Rxa2 29. g4 Kd6 30. Ke2 a5 31. Kd2 Ra1 32. Bc4 b5 33.
Bf7 a4 34. c4 b4 35. c5+ Kxc5 36. g5 Bc3+ 37. Kd3 fxg5 38. Re6 Rd1+ 39. Kc2 Rd2+ 40. Kc1 Rd6 41. Re4 Rd4 42. Re6 b3 43. Re2 Kb4 0-1